Cogmind - Beta 17.1 @@@ ROGUE MODE // 2026.08.19 @ 12:06:12 Player: Infomantis Result: Sacrificed to X0-1V1 Performance ------------- Evolutions (0) 0 Regions Visited (1) 200 Robots Destroyed (23) 115 Value Destroyed (490) 490 Prototype IDs (1) 20 Alien Tech Used (0) 0 Bonus (0) 0 TOTAL SCORE: 825 Bonus ------- None Cogmind --------- Core Integrity 0/250 Matter 280/300 Energy 173/250 System Corruption 0% Temperature Cool (0) Movement Rolling (105) Ox1 Location -10/Materials Parts ------- > --- POWER (1) -------- Ion Engine > --- PROPULSION (2) --- Light Treads Armored Wheel > --- UTILITY (2) ------ Medium Storage Unit Seismic Detector > --- WEAPON (2) ------- Small Laser Assault Rifle > --- INVENTORY (10) --- Light Ion Engine Armored Wheel Armored Wheel Improved Flight Unit Improved Flight Unit Medium Storage Unit Improved Terrain Scanner Seismic Detector Heavy EM Pulse Gun Hammer Peak State ------------ > --- POWER ------------ Ion Engine > --- PROPULSION ------- Light Treads Improved Flight Unit > --- UTILITY ---------- Small Storage Unit Seismic Detector > --- WEAPON ----------- Small Laser Assault Rifle > --- INVENTORY -------- Light Ion Engine Compact Wheel Improved Terrain Scanner Seismic Detector Light Assault Rifle Light Assault Rifle Mining Laser [Rating: 9] Favorites ----------- Power Ion Engine Engine Ion Engine Propulsion Light Treads Treads Light Treads Wheel Armored Wheel Flight Unit Improved Flight Unit Utility Seismic Detector Device Seismic Detector Storage Small Storage Unit Processor Signal Interpreter Weapon Small Laser Energy Gun Small Laser Ballistic Gun Assault Rifle Impact Weapon Hammer Build | -11 -10 ------- Run | Yrd Mat Slots Evolved . | . . Power . | . . Propulsion . | . . Utility . | . . Weapon . | . . Parts Attached 14 | 7 7 Power 1 | 1 . Engine 1 | 1 . Core . | . . Reactor . | . . Propulsion 4 | 2 2 Treads 2 | 2 . Leg . | . . Wheel 1 | . 1 Hover . | . . Flight 1 | . 1 Utility 4 | 2 2 Device 1 | 1 . Storage 2 | 1 1 Processor 1 | . 1 Hackware . | . . Protection . | . . Artifact . | . . Weapon 5 | 2 3 Energy Gun 1 | 1 . Energy Cannon . | . . Ballistic Gun 3 | 1 2 Ballistic Cannon . | . . Launcher . | . . Special Weapon . | . . Impact Weapon 1 | . 1 Slashing Weapon . | . . Piercing Weapon . | . . Special Melee Weapon . | . . Unidentified Prototypes 1 | . 1 Parts Lost 1 | . 1 Power . | . . Propulsion 1 | . 1 Utility . | . . Weapon . | . . Highest Loss Streak 1 | . 1 To Critical Strikes . | . . Average Backups 6 | 3 8 Power . | . 1 Propulsion 2 | . 2 Utility 1 | . 2 Weapon 1 | 1 2 Tool/Special . | . . Unused Backups 11 | . 11 Power 1 | . 1 Propulsion 4 | . 4 Utility 3 | . 3 Weapon 3 | . 3 Tool/Special . | . . Average Slot Usage (%) 98 | . 98 Engine 14 | . 14 Treads 23 | . 23 Wheel 3 | . 3 Device 13 | . 13 Storage 14 | . 14 Energy Gun 14 | . 14 Ballistic Gun 12 | . 12 Impact Weapon 1 | . 1 Peak Build Rating 9 | 7 9 Average Rating 7 | 6 8 On Entrance 3 | . 7 Avg Prop Armor Cover (%) 12 | . 12 Naked Turns . | . . Heaviest Build 19 | 13 19 Greatest Support 40 | 40 40 Greatest Overweight (x) 1 | . 1 Average Overweight (x) . | . . Largest Inventory Capacity 10 | 8 10 Average Capacity 8 | 7 8 Most Carried 10 | 6 10 Average Carried 6 | 3 8 Final Capacity 10 | 8 10 Final Carried 10 | 6 10 Class Distribution -------------------- 100% | Mutant Dominant Class ---------------- Mutant | -10/Materials Resources | -11 -10 ----------- Run | Yrd Mat Matter Collected 526 | 294 232 Remotely . | . . Salvage Created 873 | 264 609 Parts 46 | 19 27 Haulers Intercepted 2 | . 2 Recyclers Shooed . | . . Parts Field Recycled . | . . Retrieved Matter . | . . Parts Self-Destructed . | . . Prevented . | . . Parts Restored . | . . Kills | -11 -10 ------- Run | Yrd Mat Combat Hostiles Destroyed 11 | . 11 Melee 2 | . 2 Guns 9 | . 9 Classes Destroyed 6 | 2 4 Builder 1 | . 1 Tunneler 7 | 7 . Hauler 2 | . 2 Recycler 1 | 1 . Watcher 1 | . 1 Grunt 11 | . 11 Best Kill Streak 3 | 2 3 Combat Bots Only 3 | . 3 Max Kills in Single Turn 2 | 1 2 Gunslinging . | . . Exploded . | . . Melee 1 | . 1 Uniques/NPCs Destroyed . | . . Combat | -11 -10 -------- Run | Yrd Mat Hostile Shots Fired 57 | . 57 Missed 12 | . 12 Hits 45 | . 45 Projectile 45 | . 45 Critical Strikes 2 | . 2 Damage Taken 560 | . 560 Core 103 | . 103 Absorbed by Shields . | . . Core Remaining (%) 100 | 100 . Volleys Fired 68 | 24 44 Largest 2 | 2 2 Hottest 60 | 60 60 Shots Fired 136 | 48 88 Gun 136 | 48 88 Cannon . | . . Launcher . | . . Special . | . . Kinetic 68 | 24 44 Thermal 68 | 24 44 Explosive . | . . Electromagnetic . | . . Robot Hit Streak 14 | 6 14 Robot Miss Streak 2 | 2 2 Penetration Max . | . . Secondary Targets . | . . Shots Hit Robots 90 | 24 66 Core Hits 41 | 15 26 Critical Kills . | . . Critical Parts Destroyed 1 | . 1 Critical Strikes 1 | . 1 Smash 1 | . 1 Melee Attacks 6 | . 6 Impact 6 | . 6 Slashing . | . . Piercing . | . . Sneak Attacks . | . . Combat Hostiles . | . . Follow-up Attacks . | . . Damage Inflicted 1087 | 249 838 Guns 1002 | 249 753 Cannons . | . . Explosions . | . . Melee 85 | . 85 Ramming . | . . Kinetic 578 | 119 459 Thermal 424 | 130 294 Explosive . | . . Electromagnetic . | . . Impact 85 | . 85 Slashing . | . . Piercing . | . . Highest Corruption . | . . Average Corruption . | . . Corruption Purged . | . . Corruption Blocked . | . . Overload Shots . | . . Overflow Damage 35 | . 35 Projectiles . | . . Explosions . | . . Melee 35 | . 35 Knockbacks . | . . Impact . | . . Kinetic . | . . Secondary . | . . Self-Inflicted Damage . | . . Shots . | . . Rammed . | . . Targets Rammed . | . . Kicked . | . . Crushed . | . . Highest Temperature 114 | 40 114 Average Temperature 36 | 20 44 Received Heat Transfer 354 | . 354 Siege Activations . | . . Martial Activations . | . . Shielding Activations . | . . Robots Disrupted . | . . Combat Hostiles . | . . Robots Corrupted . | . . Combat Hostiles . | . . Parts Fried 2 | . 2 Impact Corruptions 1 | . 1 Robots Melted . | . . Combat Hostiles . | . . Parts Melted . | . . Heat Transferred 975 | 300 675 Parts Sabotaged . | . . Parts Stolen . | . . Parts Stripped . | . . Power Chain Reactions . | . . Alert | -11 -10 ------- Run | Yrd Mat Maximum Alert Level . | . . Low Security (%) 100 | 100 100 Level 1 . | . . Level 2 . | . . Level 3 . | . . Level 4 . | . . Level 5 . | . . High Security . | . . Max Security . | . . Peak Influence 99 | 10 99 Initial . | . . Average 28 | 1 40 Influence Increases 341 | 40 301 Destroy 0b10 Robot/C 220 | . 220 Destroy 0b10 Robot/NC 60 | 40 20 Destroy Leader 46 | . 46 Disable Machine 15 | . 15 Influence Decreases 341 | 40 301 Time Decay 331 | 40 291 Lost Part 10 | . 10 Squads Dispatched 4 | . 4 Investigation 3 | . 3 Extermination . | . . Reinforcement 1 | . 1 Assault . | . . Garrison . | . . Intercept . | . . Searches Triggered . | . . Construction Impeded . | . . Haulers Reinforced . | . . Active Scanning Responses . | . . Cargo Convoy Interrupts . | . . Stealth | -11 -10 --------- Run | Yrd Mat Distress Signals 1 | . 1 Communications Jammed . | . . Distress Signals . | . . Times Spotted 17 | . 17 Peak Tracking Total 3 | . 3 Tactical Retreats . | . . Traps | -11 -10 ------- Run | Yrd Mat Traps Triggered 3 | . 3 Indirectly . | . . Trap Hack Attempts . | . . Triggered . | . . Disarmed . | . . Reprogrammed . | . . Reused . | . . Traps Extracted . | . . Installed . | . . Triggered . | . . Machines | -11 -10 ---------- Run | Yrd Mat Machines Disabled 1 | . 1 Max in Single Turn 1 | . 1 Machines Repaired . | . . Machines Dismantled . | . . Machines Sabotaged . | . . Overloaded Fab Kills . | . . Hacking | -11 -10 --------- Run | Yrd Mat Machines Accessed 2 | . 2 Terminals 2 | . 2 Fabricators . | . . Repair Stations . | . . Recycling Units . | . . Scanalyzers . | . . Garrison Access . | . . Total Hacks 9 | . 9 Successful 2 | . 2 Failed 7 | . 7 Catastrophic 1 | . 1 Database Lockouts . | . . Manual 9 | . 9 Terminals 9 | . 9 Fabricators . | . . Repair Stations . | . . Recycling Units . | . . Scanalyzers . | . . Garrison Access . | . . Terminal Hacks 1 | . 1 Maintenance Status 1 | . 1 Fabricator Hacks . | . . Repair Station Hacks . | . . Recycling Unit Hacks . | . . Scanalyzer . | . . Garrison Access Hacks . | . . Unauthorized Hacks 1 | . 1 Terminals 1 | . 1 Assimilate 1 | . 1 Fabricators . | . . Repair Stations . | . . Recycling Units . | . . Scanalyzers . | . . Garrison Access . | . . Data Cores Recovered . | . . Used . | . . Hacking Detections 1 | . 1 Full Trace Events 1 | . 1 Feedback Events . | . . Feedback Blocked . | . . Robot Schematics Acquired . | . . Robots Built . | . . Authchips . | . . Time . | . . Total Robot Build Rating . | . . Part Schematics Acquired . | . . Parts Built . | . . Authchips . | . . Time . | . . Total Part Build Rating . | . . Part Studies Acquired . | . . Parts Repaired . | . . Time . | . . Parts Recycled . | . . Recycled Matter . | . . Retrieved Matter . | . . Retrieved Components . | . . Parts Scanalyzed . | . . Part Schematics Acquired . | . . Parts Damaged . | . . Bothacking | -11 -10 ------------ Run | Yrd Mat Used RIF Installer . | . . Robots Hacked . | . . Non-combat . | . . Combat . | . . Robot Hacks Applied . | . . Relay Couplers Released . | . . Fabnet Peak Effective % . | . . Robots Rewired . | . . Allies Hacked . | . . Hacks Repelled . | . . Allies | -11 -10 -------- Run | Yrd Mat Total Allies . | . . Largest Group . | . . Highest-Rated Group . | . . Highest-Rated Ally . | . . Total Orders . | . . Ally Attacks . | . . Total Damage . | . . Kills . | . . Allies Corrupted . | . . Allies Melted . | . . Intel | -11 -10 ------- Run | Yrd Mat Active Infowar (turns) 999 | 261 738 Seismic 999 | 261 738 Robot Analysis Total . | . . Derelict Logs Recovered . | . . Drone Launches . | . . Drone Recoveries . | . . Exploration | -11 -10 ------------- Run | Yrd Mat Turns Passed 1136 | 349 787 Spaces Moved 587 | 168 419 Core 6 | 6 . Treads 427 | 162 265 Legs . | . . Wheels 154 | . 154 Hover . | . . Flight . | . . Fastest Speed 50 | 50 105 Average Speed 144 | 156 139 Slowest Speed 160 | 160 160 Overloaded Moves . | . . Propulsion Burnouts . | . . Robots Hopped . | . . Potential Cave-ins . | . . Cave-ins Triggered . | . . Exploration Rate (%) 37 | 6 68 Regions Visited 1 Branch Regions . Pre-discovered Areas . | . . Known Exits Taken . | . . Unknown Exits Taken 1 | 1 . Scrap Searched . | . . Spaces Dug . | . . Terrain Destroyed . | . . Melee . | . . Projectile . | . . AOE . | . . Terrain Rammed . | . . Walls Destroyed . | . . Machines Disabled . | . . Actions | -11 -10 --------- Run | Yrd Mat Total 731 | 208 523 Wait 29 | 4 25 Move 586 | 167 419 Hop . | . . Pick Up 13 | 6 7 Fast Attach 13 | 7 6 Attach 1 | . 1 Detach 1 | . 1 Swap 5 | . 5 Drop 9 | . 9 Fire 68 | 24 44 Melee 6 | . 6 Ram . | . . Kick . | . . Crush . | . . Escape Stasis . | . . Rewire . | . . Trap . | . . Miscellaneous . | . . Route ------- -11/Scrapyard -10/Materials (discovered 3 exits: [*Mat] / *Min x2) History --------- Turn | Location | Event 17 | -11/Scrapyard | Discovered new exit (range 15) 350 | -11/Scrapyard | Entered Materials 351 | -10/Materials | Build established: Mutant 579 | -10/Materials | Discovered new exit (range 6) 640 | -10/Materials | Identified exit to Mines 720 | -10/Materials | Discovered new exit (range 13) 1034 | -10/Materials | Discovered exit to Mines (range 7) 1137 | -10/Materials | Made a sacrifice at D.C.S.S. Altar Unit 1137 | -10/Materials | Sacrificed to X0-1V1 Last Messages --------------- 01081_ ALERT: Alarm triggered, dispatching investigation squad. 01087_ U-05 Engineer lays Concrete. 01096_ Connecting with Terminal... >>Trojan(Assimilate) Trojan loaded successfully. Testing... System interface override in place. 01098_ K-01 Serf cleans the Nuclear Reactor. 01114_ Triggered Alarm Trap. 01114_ An alarm sounds. 01114_ ALERT: Alarm triggered, dispatching investigation squad. 01121_ Triggered Blade Trap. 01121_ Massive razor-sharp blades shoot up from within the floor. 01121_ Assault Rifle severed. 01121_ Ion Engine severed. 01122_ Acquired Assault Rifle. 01124_ Acquired Ion Engine. 01124_ U-05 Engineer lays Concrete. 01137_ U-05 Engineer builds a Wall. 01137_ Connecting with D.C.S.S. Altar Unit... Map ----- +----------------------------------------------------+ | ????????####################### #?????# "" | | ????????# # #?????# "" | | ????????# + #?????# "" | | ????????# # #?????# | | ???????#######+############ # #?????# | | ???????# #????# # #?????# ! | | ???????# """ """ """ #????# #################### | | ???????# """ """ """ #????# % | | ???????# """ """ """ #????# ######### | | ???????# ###### #???????# = !! | | ???????# + #???##### |%!!% | | ???????################### ###?#== #####+# | | ?????????????????????????# #?#== #??# | | ?????????????????????????#[[[=||#?#= #??# | | ?????????????????????????#[ [=||#?# = #??# | | | ?????????????????????????########?#!! #??# | | ??????????????????????????????????#!! #??# | | ??????????????????????????????????##### #??# | | ??????????????????????????????????????# #??#### | | ??????????????????????????????????????# ^ #?????? | | ??????????????????????????????????????# ^^%#?????? | | ??????????????????????????????????????#+##+####### | | ??????????????????????????????????????#% + | | ???????????????????????##?????????????# """ ## | | ???????????????????????#X####?????????# """ "T" #? | | ???????????????????????##@u ##????????# """ #? | | ???????????????????????# t #????????# """ #? | | ???????????????????????# #????????# #? | | ???????????????????????# ##???????# % #? | | ???????????????????????## ######### #? | | ????????????????????######## ## ##+########? | | ????????????######### k #?????? | | ???????????? > #?????? | | ????????????######### #?????? | | ????????????? ?# "" ##" "## #?????? | | ??????????????""" # T" ##" |"! "## ##+#### | | ?????????????"""" # "" T#"""""""## | | ?????????????"""" + ########### | | ???????????# # # ??# | | ???????????# """" # ##### ??######+#### | | ??????????????""" ?# #?????""" ???????[ ?? | | ??????????????""" ??# #?????""" ??????# # | | ?????????????? ???# #??????"" ???????#= !!! # | | ???????????????#???## #?????? ???????# !!! # | | ???????????????????# ########+##??????# !!! # | | ???????????????????# ####???#! # | | ???????????????????# ##??######## | | ???????????????????# "#?????????? | | ???????????????????# T#?????????? | | ???????????????????# """ """ """ "#?????????? | +----------------------------------------------------+ Best States ------------- Heat Dissipation 25 Energy Generation 10 Energy Capacity 250 Matter Stores 300 Matter Capacity 300 Sight Range 16 Terrain Scan Density 10 Evasion (%) 40 Recoil Reduction 2 Item Schematics ----------------- None Robot Schematics ------------------ None Fabricated ------------ Nothing Repaired ---------- Nothing Studied --------- None Alien Tech Used ----------------- None Achievements -------------- None Challenges ------------ None Game ------ Seed RefineryBackupTurretformer Manual? 0 Play Time 00:11:19 Cumulative 687.1 hours Start 2026.08.19 @ 11:57:53 End 2026.08.19 @ 12:06:12 Sessions 1 Manual Loads 0 Difficulty Rogue Special Mode None Game No. 380 Rogue 355 Adventurer 7 Explorer 18 Win Type - Total 67 Types 43/3/9/2/2/1/2/3/0/2 Lore% 95 Gallery% 88 Achievement% 75 Wizard Run 0 Options --------- Layout 0 ASCII 0 Keyboard 0 Movement Numpad Keybinds 0 Fullscreen 1 Font 18/SmallcapsGlow Map View 76x50 Zoom Use 0% Tactical HUD 1 Map Filters NONE Filters NONE Steam 1 RUN: ccb45843-06f9-420e-9b0f-99f22fb61871